| TOP OF THE 1ST |
|
Aberdeen Ironbirds batting - Pitching for Staten Island Yankees : RHP Ben Cunningham
|
|
Pitching: RHP Ben Cunningham
|
|
|
Batting: LHB Chris Cohen
|
0-0: Called Strike 0-1: Bunt missed! 0-2: Foul Ball, location: 2F 0-2: Ball 1-2: Foul Ball, location: 2F 1-2: DOUBLE (Line Drive, 78D, EV 106.9 MPH)
|
|
Batting: RHB Dou-wan Pan
|
0-0: Called Strike 0-1: DOUBLE (Line Drive, 9LS, EV 90.0 MPH) Chris Cohen scores
|
|
Batting: LHB Xue-liang Zhou
|
0-0: Called Strike 0-1: Foul Ball, location: 2F 0-2: Ball 1-2: Fly out, F7 (Flyball, 7LSF, EV 73.8 MPH)
|
|
Batting: RHB C.J. Wells
|
0-0: Called Strike 0-1: Called Strike 0-2: Ball 1-2: Ball 2-2: Strikes out looking
|
|
Batting: RHB Juan Eyrich
|
0-0: Foul Ball, location: 2F 0-1: Ball 1-1: Ball 2-1: Foul Ball, location: 2F 2-2: Foul Ball, location: 2F 2-2: Ground out 3-1 (Groundball, 34, EV 78.8 MPH)
|
| Top of the 1st over - 1 run, 2 hits, 0 errors, 1 left on base; Aberdeen 1 - Staten Island 0 |
| BOTTOM OF THE 1ST |
|
Staten Island Yankees batting - Pitching for Aberdeen Ironbirds : LHP Ryan Watkins
|
|
Pitching: LHP Ryan Watkins
|
|
|
Batting: RHB Norimoto Miyanishi
|
0-0: Ball 1-0: Ground out 6-3 (Groundball, 56, EV 85.6 MPH)
|
|
Batting: RHB Daniel Underhay
|
0-0: Ball 1-0: Called Strike 1-1: SINGLE (Groundball, 6MD, EV 97.5 MPH)
|
|
Batting: RHB Brad Wren
|
0-0: Called Strike 0-1: Ball 1-1: Ball 2-1: Swinging Strike 2-2: Ball 3-2: Base on Balls Daniel Underhay to second
|
|
Batting: SHB Adam Slade
|
0-0: Foul Ball, location: 2F 0-1: Ball 1-1: Called Strike 1-2: Strikes out swinging
|
|
Batting: LHB Justin Short
|
0-0: Ball 1-0: SINGLE (Line Drive, 6D, EV 103.8 MPH) Daniel Underhay to third Brad Wren to second Runner from 3rd tries for Home, SAFE, throw by CF to home
|
|
Batting: RHB Matt Thompson
|
0-0: Swinging Strike 0-1: Fielders Choice at 2nd, 6-4 (Groundball, 6, EV 85.6 MPH)
|
| Bottom of the 1st over - 1 run, 2 hits, 0 errors, 2 left on base; Aberdeen 1 - Staten Island 1 |
| TOP OF THE 2ND |
|
Aberdeen Ironbirds batting - Pitching for Staten Island Yankees : RHP Ben Cunningham
|
|
Batting: LHB Robert Ortiz
|
0-0: Ball 1-0: Called Strike 1-1: Called Strike 1-2: Strikes out swinging, 2-3 out at first.
|
|
Batting: LHB Ivan Alvarez
|
0-0: DOUBLE (Line Drive, 5D, EV 98.1 MPH)
|
|
Batting: RHB Jeff Parlo
|
0-0: Called Strike 0-1: SINGLE (Groundball, 56D, EV 94.4 MPH) Ivan Alvarez to third Runner from 3rd tries for Home, SAFE, throw by LF to home Jeff Parlo to second
|
|
Batting: RHB Willie Carmona
|
0-0: Foul Ball, location: 2F 0-1: Called Strike 0-2: Ball 1-2: Foul Ball, location: 2F 1-2: Strikes out looking
|
|
Batting: LHB Chris Cohen
|
0-0: Ground out 4-3 (Groundball, 4, EV 86.2 MPH)
|
| Top of the 2nd over - 1 run, 2 hits, 0 errors, 1 left on base; Aberdeen 2 - Staten Island 1 |
| BOTTOM OF THE 2ND |
|
Staten Island Yankees batting - Pitching for Aberdeen Ironbirds : LHP Ryan Watkins
|
|
Batting: RHB Jesus Ruiz
|
0-0: Ball 1-0: Ball 2-0: Ball 3-0: Called Strike 3-1: Called Strike 3-2: Base on Balls
|
|
Batting: LHB Danny de Leon
|
0-0: DOUBLE (Flyball, 78D, EV 105.0 MPH) Jesus Ruiz to third
|
|
Batting: RHB Alex Blanco
|
0-0: Ball 1-0: Called Strike 1-1: Called Strike 1-2: Ball 2-2: Strikes out swinging
|
|
Batting: RHB Norimoto Miyanishi
|
0-0: Fly out, F9 (Flyball, 89M, EV 90.0 MPH)
|
|
Batting: RHB Daniel Underhay
|
0-0: Ball 1-0: Called Strike 1-1: Ball 2-1: Fly out, F8 (Flyball, 8RD, EV 75.0 MPH)
|
| Bottom of the 2nd over - 0 runs, 1 hit, 0 errors, 2 left on base; Aberdeen 2 - Staten Island 1 |
| TOP OF THE 3RD |
|
Aberdeen Ironbirds batting - Pitching for Staten Island Yankees : RHP Ben Cunningham
|
|
Batting: RHB Dou-wan Pan
|
0-0: Ball 1-0: Ground out 6-3 (Groundball, 6, EV 77.5 MPH)
|
|
Batting: LHB Xue-liang Zhou
|
0-0: Foul Ball, location: 2F 0-1: Ball 1-1: Called Strike 1-2: Ball 2-2: Foul Ball, location: 2F 2-2: DOUBLE (Line Drive, 78D, EV 99.4 MPH)
|
|
Batting: RHB C.J. Wells
|
0-0: Foul Ball, location: 2F 0-1: Ball 1-1: Foul Ball, location: 2F 1-2: Foul Ball, location: 2F 1-2: Foul Ball, location: 2F 1-2: Strikes out swinging
|
|
Batting: RHB Juan Eyrich
|
0-0: SINGLE (Groundball, 3D, EV 109.4 MPH) Xue-liang Zhou to third Runner from 3rd tries for Home, SAFE, throw by RF to home
|
|
Batting: LHB Robert Ortiz
|
0-0: Called Strike 0-1: Called Strike 0-2: SINGLE (Groundball, 4MD, EV 98.8 MPH) Juan Eyrich to second Runner from 2nd tries for 3rd, SAFE, throw by CF made to third
|
|
Batting: LHB Ivan Alvarez
|
0-0: Fly out, F5 (Line Drive, 5L, EV 55.0 MPH)
|
| Top of the 3rd over - 1 run, 3 hits, 0 errors, 2 left on base; Aberdeen 3 - Staten Island 1 |
| BOTTOM OF THE 3RD |
|
Staten Island Yankees batting - Pitching for Aberdeen Ironbirds : LHP Ryan Watkins
|
|
Batting: RHB Brad Wren
|
0-0: Ball 1-0: Foul Ball, location: 2F 1-1: Called Strike 1-2: Strikes out swinging
|
|
Batting: SHB Adam Slade
|
0-0: Called Strike 0-1: Called Strike 0-2: Foul Ball, location: 2F 0-2: Strikes out swinging, 2-3 out at first.
|
|
Batting: LHB Justin Short
|
0-0: Ball 1-0: Ground out 6-3 (Groundball, 6, EV 80.0 MPH)
|
| Bottom of the 3rd over - 0 runs, 0 hits, 0 errors, 0 left on base; Aberdeen 3 - Staten Island 1 |
| TOP OF THE 4TH |
|
Aberdeen Ironbirds batting - Pitching for Staten Island Yankees : RHP Ben Cunningham
|
|
Batting: RHB Jeff Parlo
|
0-0: Swinging Strike 0-1: Ball 1-1: Swinging Strike 1-2: Foul Ball, location: 2F 1-2: Ball 2-2: Strikes out looking
|
|
Batting: RHB Willie Carmona
|
0-0: SINGLE (Groundball, 6D, EV 104.4 MPH)
|
|
Batting: LHB Chris Cohen
|
0-0: Ball Willie Carmona is caught stealing 2nd base 2-6 1-0: Called Strike 1-1: Foul Ball, location: 2F 1-2: Fly out, F4 (Popup, 4S, EV 68.8 MPH)
|
| Top of the 4th over - 0 runs, 1 hit, 0 errors, 0 left on base; Aberdeen 3 - Staten Island 1 |
| BOTTOM OF THE 4TH |
|
Staten Island Yankees batting - Pitching for Aberdeen Ironbirds : LHP Ryan Watkins
|
|
Batting: RHB Matt Thompson
|
0-0: Ball 1-0: Ball 2-0: Ball 3-0: Called Strike 3-1: Base on Balls
|
|
Batting: RHB Jesus Ruiz
|
0-0: Swinging Strike 0-1: Ball 1-1: Swinging Strike 1-2: Ball 2-2: Foul Ball, location: 2F 2-2: Strikes out swinging
|
|
Batting: LHB Danny de Leon
|
0-0: Called Strike 0-1: Ball 1-1: Called Strike 1-2: Foul Ball, location: 2F 1-2: SINGLE (Groundball, 34D, EV 100.0 MPH) Matt Thompson to second Runner from 2nd tries for 3rd, SAFE, throw by RF made to third
|
|
Batting: RHB Alex Blanco
|
0-0: Ball Wild Pitch! Matt Thompson scores Danny de Leon to second 1-0: Fly out, F8 (Flyball, 89S, EV 93.1 MPH)
|
|
Batting: RHB Norimoto Miyanishi
|
0-0: Ground out 5-3 (Groundball, 5L, EV 103.1 MPH)
|
| Bottom of the 4th over - 1 run, 1 hit, 0 errors, 1 left on base; Aberdeen 3 - Staten Island 2 |
| TOP OF THE 5TH |
|
Aberdeen Ironbirds batting - Pitching for Staten Island Yankees : RHP Ben Cunningham
|
|
Batting: RHB Dou-wan Pan
|
0-0: Ball 1-0: Reached on error, E3 (Groundball, 34S, EV 88.1 MPH)
|
|
Batting: LHB Xue-liang Zhou
|
0-0: Called Strike 0-1: Ball Dou-wan Pan steals 2nd base 1-1: Foul Ball, location: 2F 1-2: Ball 2-2: SINGLE (Line Drive, 4M, EV 96.2 MPH) Dou-wan Pan to third
|
|
Batting: RHB C.J. Wells
|
0-0: TRIPLE (Flyball, 8RXD, EV 106.9 MPH) Dou-wan Pan scores Xue-liang Zhou scores
|
|
Pitching: RHP Kenny Samuels
|
|
|
Batting: RHB Juan Eyrich
|
0-0: Called Strike 0-1: Swinging Strike 0-2: Foul Ball, location: 2F 0-2: Ball Wild Pitch! C.J. Wells scores 1-2: Strikes out looking
|
|
Batting: LHB Robert Ortiz
|
0-0: Ball 1-0: Swinging Strike 1-1: Ball 2-1: Swinging Strike 2-2: Strikes out looking
|
|
Batting: LHB Ivan Alvarez
|
0-0: Called Strike 0-1: Ball 1-1: Foul Ball, location: 2F 1-2: Ball 2-2: Strikes out swinging
|
| Top of the 5th over - 3 runs, 2 hits, 1 error, 0 left on base; Aberdeen 6 - Staten Island 2 |
| BOTTOM OF THE 5TH |
|
Staten Island Yankees batting - Pitching for Aberdeen Ironbirds : LHP Ryan Watkins
|
|
Batting: RHB Daniel Underhay
|
0-0: Ball 1-0: Called Strike 1-1: Fly out, F8 (Flyball, 8LM, EV 90.6 MPH)
|
|
Batting: RHB Brad Wren
|
0-0: Swinging Strike 0-1: Foul Ball, location: 2F 0-2: Fly out, F7 (Line Drive, 7S, EV 96.2 MPH)
|
|
Batting: SHB Adam Slade
|
0-0: Called Strike 0-1: Ground out 4-3 (Groundball, 4, EV 86.9 MPH)
|
| Bottom of the 5th over - 0 runs, 0 hits, 0 errors, 0 left on base; Aberdeen 6 - Staten Island 2 |
| TOP OF THE 6TH |
|
Aberdeen Ironbirds batting - Pitching for Staten Island Yankees : RHP Kenny Samuels
|
|
Batting: RHB Jeff Parlo
|
0-0: Called Strike 0-1: Called Strike 0-2: Ball 1-2: Foul Ball, location: 2F 1-2: Ball 2-2: Ball 3-2: Foul Ball, location: 2F 3-2: Strikes out swinging
|
|
Batting: RHB Willie Carmona
|
0-0: Ball 1-0: Ball 2-0: Ball 3-0: Base on Balls
|
|
Batting: LHB Chris Cohen
|
0-0: Called Strike 0-1: Ball 1-1: Swinging Strike 1-2: Strikes out looking
|
|
Batting: RHB Dou-wan Pan
|
0-0: Fly out, F3 (Line Drive, 3, EV 69.4 MPH)
|
| Top of the 6th over - 0 runs, 0 hits, 0 errors, 1 left on base; Aberdeen 6 - Staten Island 2 |
| BOTTOM OF THE 6TH |
|
Staten Island Yankees batting - Pitching for Aberdeen Ironbirds : LHP Ryan Watkins
|
|
Batting: LHB Justin Short
|
0-0: Hit by Pitch
|
|
Batting: RHB Matt Thompson
|
0-0: Foul Ball, location: 2F 0-1: Called Strike 0-2: Ball 1-2: Ground out 6-3 (Groundball, P, EV 86.2 MPH) Justin Short to second
|
|
Pitching: RHP Craig Painter
|
|
|
Batting: RHB Jesus Ruiz
|
0-0: Ball 1-0: SINGLE (Groundball, 4D, EV 103.8 MPH) Justin Short to third
|
|
Batting: LHB Danny de Leon
|
0-0: Foul Ball, location: 2F 0-1: Ball Wild Pitch! Justin Short scores Jesus Ruiz to second 1-1: Ball 2-1: Ball 3-1: Foul Ball, location: 2F 3-2: Foul Ball, location: 2F 3-2: Strikes out swinging
|
|
Batting: RHB Alex Blanco
|
0-0: Called Strike 0-1: Foul Ball, location: 2F 0-2: Ball 1-2: SINGLE (Groundball, 6MD, EV 106.2 MPH) Jesus Ruiz to third Runner from 3rd tries for Home, SAFE, throw by CF to home Alex Blanco to second
|
|
Pinch Hitting: LHB Dario Segura
|
0-0: Ball 1-0: SINGLE (Groundball, 34D, EV 98.8 MPH) Alex Blanco to third Runner from 3rd tries for Home, SAFE, throw by RF to home
|
|
Batting: RHB Daniel Underhay
|
0-0: Called Strike 0-1: Ball 1-1: SINGLE (Groundball, 6MD, EV 109.4 MPH) Dario Segura to second
|
|
Batting: RHB Brad Wren
|
0-0: Ball 1-0: Foul Ball, location: 2F 1-1: Foul Ball, location: 2F 1-2: Strikes out swinging
|
| Bottom of the 6th over - 3 runs, 4 hits, 0 errors, 2 left on base; Aberdeen 6 - Staten Island 5 |
| TOP OF THE 7TH |
|
Aberdeen Ironbirds batting - Pitching for Staten Island Yankees : RHP Kenny Samuels
|
|
Now in CF: Carlos Palau
|
|
|
Batting: LHB Xue-liang Zhou
|
0-0: Ball 1-0: Ball 2-0: Ball 3-0: Base on Balls
|
|
Pitching: RHP Francisco Rosado
|
|
|
Batting: RHB C.J. Wells
|
0-0: Called Strike 0-1: Fielders Choice at 2nd, 6-4 (Groundball, 6, EV 88.1 MPH)
|
|
Batting: RHB Juan Eyrich
|
0-0: Called Strike 0-1: Ball 1-1: Ball 2-1: Ball 3-1: Called Strike 3-2: Fly out, F9 (Flyball, 9, EV 88.8 MPH)
|
|
Batting: LHB Robert Ortiz
|
Pickoff Throw to First - Out! 1-3
|
| Top of the 7th over - 0 runs, 0 hits, 0 errors, 0 left on base; Aberdeen 6 - Staten Island 5 |
| BOTTOM OF THE 7TH |
|
Staten Island Yankees batting - Pitching for Aberdeen Ironbirds : RHP Craig Painter
|
|
Batting: SHB Adam Slade
|
0-0: Called Strike 0-1: Ball 1-1: Ball 2-1: Ball 3-1: Base on Balls
|
|
Batting: LHB Justin Short
|
0-0: Swinging Strike 0-1: Swinging Strike 0-2: Strikes out swinging
|
|
Batting: RHB Matt Thompson
|
0-0: Ball 1-0: Called Strike 1-1: Ball 2-1: Ball 3-1: Foul Ball, location: 2F 3-2: Grounds into double play, 3-6-3 (Groundball, 3, EV 91.9 MPH)
|
| Bottom of the 7th over - 0 runs, 0 hits, 0 errors, 0 left on base; Aberdeen 6 - Staten Island 5 |
| TOP OF THE 8TH |
|
Aberdeen Ironbirds batting - Pitching for Staten Island Yankees : RHP Francisco Rosado
|
|
Batting: LHB Robert Ortiz
|
0-0: Swinging Strike 0-1: Ground out 4-3 (Groundball, 4, EV 86.2 MPH)
|
|
Batting: LHB Ivan Alvarez
|
0-0: Ball 1-0: Foul Ball, location: 2F 1-1: Ball 2-1: SINGLE (Groundball, 34D, EV 107.5 MPH)
|
|
Batting: RHB Jeff Parlo
|
0-0: Called Strike 0-1: Swinging Strike 0-2: Ball 1-2: Ball 2-2: Strikes out swinging Ivan Alvarez is caught stealing 2nd base 2-4 Batter strikes out.
|
| Top of the 8th over - 0 runs, 1 hit, 0 errors, 0 left on base; Aberdeen 6 - Staten Island 5 |
| BOTTOM OF THE 8TH |
|
Staten Island Yankees batting - Pitching for Aberdeen Ironbirds : RHP Craig Painter
|
|
Pitching: RHP Harold Price
|
|
|
Batting: RHB Jesus Ruiz
|
0-0: Ball 1-0: Foul Ball, location: 2F 1-1: Foul Ball, location: 2F 1-2: Fly out, F8 (Flyball, 8RD, EV 103.8 MPH)
|
|
Batting: LHB Danny de Leon
|
0-0: Ball 1-0: Ball 2-0: Ball 3-0: Called Strike 3-1: Foul Ball, location: 2F 3-2: Foul Ball, location: 2F 3-2: Strikes out swinging
|
|
Batting: RHB Alex Blanco
|
0-0: Foul Ball, location: 2F 0-1: Swinging Strike 0-2: Strikes out swinging
|
| Bottom of the 8th over - 0 runs, 0 hits, 0 errors, 0 left on base; Aberdeen 6 - Staten Island 5 |
| TOP OF THE 9TH |
|
Aberdeen Ironbirds batting - Pitching for Staten Island Yankees : RHP Francisco Rosado
|
|
Batting: RHB Willie Carmona
|
0-0: Foul Ball, location: 2F 0-1: Foul Ball, location: 2F 0-2: Strikes out looking
|
|
Batting: LHB Chris Cohen
|
0-0: SINGLE (Line Drive, 78S, EV 106.2 MPH)
|
|
Batting: RHB Dou-wan Pan
|
0-0: Foul Ball, location: 2F 0-1: Ball 1-1: Ball Wild Pitch! Chris Cohen to second 2-1: Fly out, F7 (Flyball, 7D, EV 104.4 MPH)
|
|
Pitching: RHP Jake Bryant
|
|
|
Batting: LHB Xue-liang Zhou
|
0-0: Swinging Strike 0-1: Ball 1-1: Ball 2-1: Foul Ball, location: 2F 2-2: Foul Ball, location: 2F 2-2: Fly out, F8 (Flyball, 8LD, EV 95.6 MPH)
|
| Top of the 9th over - 0 runs, 1 hit, 0 errors, 1 left on base; Aberdeen 6 - Staten Island 5 |
| BOTTOM OF THE 9TH |
|
Staten Island Yankees batting - Pitching for Aberdeen Ironbirds : RHP Harold Price
|
|
Pitching: RHP Rod Najera
|
|
|
Now at C: Graham Calvert
|
|
|
Now at 2B: Juan Eyrich
|
|
|
Now at 3B: Dou-wan Pan
|
|
|
Now in LF: Ryan Bentz
|
|
|
Now in RF: Jeff Parlo
|
|
|
Batting: LHB Carlos Palau
|
0-0: Called Strike 0-1: Swinging Strike 0-2: Ball 1-2: Strikes out swinging
|
|
Batting: RHB Daniel Underhay
|
0-0: Ball 1-0: Foul Ball, location: 2F 1-1: Foul Ball, location: 2F 1-2: Ball 2-2: Foul Ball, location: 2F 2-2: Ground out 4-3 (Groundball, 4M, EV 106.2 MPH)
|
|
Batting: RHB Brad Wren
|
0-0: Called Strike 0-1: Called Strike 0-2: Strikes out swinging
|
| Bottom of the 9th over - 0 runs, 0 hits, 0 errors, 0 left on base; Aberdeen 6 - Staten Island 5 |
|